 Dungeon Crawl Stone Soup version 0.23-a0-29-g1be82e5 (webtiles) character file.

541972 Amnesiac the Metallomancer (level 25, -4/177 HPs)
             Began as a Mummy Earth Elementalist on Aug 3, 2018.
             Was the Champion of Vehumet.
             Slain by a bennu (19 damage)
             ... on level 3 of the Tomb of the Ancients.
             The game lasted 02:10:22 (56833 turns).

Amnesiac the Metallomancer (MuEE)                  Turns: 56833, Time: 02:10:23

Health: -4/177     AC: 14    Str: 15    XL:     25   Next: 28%
Magic:  0/61       EV: 26    Int: 38    God:    Vehumet [******]
Gold:   5056       SH:  0    Dex: 21    Spells: 19/75 levels left

rFire    . . .     SeeInvis +   a - +8 morningstar of Moes {drain, Int+6 Dex+4 Stlth-}
rCold    . . .     Gourm    .   B - +2 buckler {AC+3}
rNeg     + + +     Faith    .   q - +2 robe {Archmagi}
rPois    ∞         Spirit   +   G - -1 helmet of Zios {Int+3}
rElec    .         Reflect  .   X - +2 cloak {rPois}
rCorr    .         Harm     .   d - +0 pair of gloves
MR       +++..                  U - +2 pair of boots {run}
Stlth    ..........             Z - amulet "Pisol" {Spirit SInv}
HPRegen  0.39/turn              O - ring of magical power
MPRegen  0.37/turn              H - ring "Gubuw" {Fire Str+4 Int+4 Dex+3}

@: confused, slowed, deflect missiles, very slow
A: no food or potions, fire vulnerability, cold resistance 1, negative energy
resistance 3, torment resistance, unbreathing, in touch with death 1
}: 2/15 runes: serpentine, barnacled
a: Renounce Religion


You were on level 3 of the Tomb of the Ancients.
You worshipped Vehumet.
Vehumet was exalted by your worship.
You were not hungry.

You visited 10 branches of the dungeon, and saw 44 of its levels.
You visited the Abyss 1 time.
You also visited: Ossuary, Ice Cave and Wizlab.

You collected 6256 gold pieces.
You spent 1200 gold pieces at shops.

Inventory:

Hand Weapons
 a - the +8 morningstar of Moes (weapon) {drain, Int+6 Dex+4 Stlth-}
   (You took it off a deep elf annihilator on level 3 of the Elven Halls)

   A truly terrible weapon, it drains the life of those it strikes.
   It affects your intelligence (+6).
   It affects your dexterity (+4).
   It makes you less stealthy.
 W - a +6 blowgun
Missiles
 p - 1257 stones (quivered)
 z - 37 curare-tipped needles
Armour
 d - a +0 pair of gloves (worn)
 e - a scarf of spirit shield
 f - a scarf of cloud immunity
 m - a +2 hat
 q - a +2 robe of the Archmagi (worn)
 B - a +2 buckler of protection (worn)
 G - the -1 helmet of Zios (worn) {Int+3}
   (You found it on level 11 of the Dungeon)

   It affects your intelligence (+3).
 U - a +2 pair of boots of running (worn)
 X - a +2 cloak of poison resistance (worn)
Magical Staves
 w - an uncursed staff of energy
 L - an uncursed staff of air
 V - an uncursed staff of conjuration
Jewellery
 s - an uncursed ring of resist corrosion
 x - an uncursed amulet of magic regeneration
 C - an uncursed ring of protection from fire
 H - the ring "Gubuw" (right hand) {Fire Str+4 Int+4 Dex+3}
   (You found it on level 3 of the Lair of Beasts)

   [ring of fire]

   It enhances your fire magic.
   It affects your strength (+4).
   It affects your intelligence (+4).
   It affects your dexterity (+3).
   It protects you from fire.
   It makes you vulnerable to cold.
 J - a cursed ring of ice {unknown}
 O - a ring of magical power (left hand)
 P - an uncursed ring of wizardry
 T - a +6 ring of protection
 Z - the amulet "Pisol" (around neck) {Spirit SInv}
   (You found it in a wizard's laboratory)

   [amulet of guardian spirit]

   It causes incoming damage to be split between your health and magic.
   It lets you see invisible.
Wands
 t - a wand of digging (107)
 u - a wand of disintegration (22)
 A - a wand of enslavement (64)
 E - a wand of paralysis (53)
 F - a wand of polymorph (14)
 N - a wand of iceblast (34)
Scrolls
 c - 11 scrolls of identify {!r}
 g - 27 scrolls of remove curse {!r}
 h - 12 scrolls of amnesia {!r}
 i - 12 scrolls of enchant weapon {!r}
 j - 2 scrolls of fog {!r}
 n - 8 scrolls of teleportation {!r}
 o - a scroll of silence {!r}
 r - 4 scrolls of brand weapon {!r}
 v - 2 scrolls of summoning {!r}
 y - 3 scrolls of magic mapping {!r}
 D - 3 scrolls of vulnerability {!r}
 K - 5 scrolls of fear {!r}
 M - 4 scrolls of enchant armour {!r}
Miscellaneous
 b - 2 sacks of spiders
 k - a phial of floods (inert)
 l - a lamp of fire
 I - 2 boxes of beasts
 R - a fan of gales
 S - a crystal ball of energy
 Y - a lightning rod (3/4)


   Skills:
 - Level 10.0 Fighting
 + Level 14.8 Dodging
 - Level 4.0 Stealth
 - Level 4.0 Shields
 + Level 25.9 Spellcasting
 - Level 0.7 Transmutations
 * Level 25.9 Earth Magic
 - Level 4.0 Evocations


You had 19 spell levels left.
You knew the following spells:

 Your Spells              Type           Power        Failure   Level  Hunger
a - Iron Shot             Conj/Erth      ########..   1%          6    N/A
b - Passwall              Tmut/Erth      ########     0%          2    N/A
c - Sandblast             Erth           ######       0%          1    N/A
d - Lee's Rapid Deconstr  Erth           #########.   0%          5    N/A
e - Shatter               Erth           #########.   1%          9    N/A
f - Petrify               Tmut/Erth      ########     0%          4    N/A
h - Ozocubu's Armour      Chrm/Ice       ######..     1%          3    N/A
i - Lehudib's Crystal Sp  Conj/Erth      ########..   3%          8    N/A
q - Borgnjor's Vile Clut  Necr/Erth      ########..   1%          5    N/A
v - Blink                 Tloc           N/A          1%          2    N/A
w - Irradiate             Conj/Tmut      ######....   2%          5    N/A
z - Deflect Missiles      Chrm/Air       ######....   52%         6    N/A

Your spell library contained the following spells:

 Spells                   Type           Power        Failure   Level  Hunger
 Cause Fear               Hex            ######....   4%          4    N/A
 Magic Dart               Conj           ####         1%          1    N/A
 Fireball                 Conj/Fire      #######...   3%          5    N/A
 Apportation              Tloc           ######       1%          1    N/A
 Conjure Flame            Conj/Fire      #######.     1%          3    N/A
 Bolt of Fire             Conj/Fire      #######...   16%         6    N/A
 Bolt of Cold             Conj/Ice       ######....   16%         6    N/A
 Slow                     Hex            ######..     1%          2    N/A
 Confuse                  Hex            ######..     1%          3    N/A
 Throw Frost              Conj/Ice       ######       1%          2    N/A
 Freezing Cloud           Conj/Ice/Air   ######....   16%         6    N/A
 Mephitic Cloud           Conj/Pois/Air  ######..     1%          3    N/A
 Ring of Flames           Chrm/Fire      #######...   98%         7    N/A
 Summon Small Mammal      Summ           ####         1%          1    N/A
 Bolt of Draining         Conj/Necr      #######...   3%          5    N/A
 Iskenderun's Mystic Bla  Conj           ######..     1%          4    N/A
 Animate Dead             Necr           N/A          4%          4    N/A
 Animate Skeleton         Necr           N/A          1%          1    N/A
 Vampiric Draining        Necr           #######...   1%          3    N/A
 Borgnjor's Revivificati  Necr           #######...   100%        8    N/A
 Freeze                   Ice            ####         1%          1    N/A
 Ozocubu's Refrigeration  Ice            ######....   16%         6    N/A
 Sticky Flame             Conj/Fire      #######.     1%          4    N/A
 Summon Ice Beast         Ice/Summ       ######..     4%          4    N/A
 Call Imp                 Summ           ######..     1%          2    N/A
 Dispel Undead            Necr           #######.     11%         5    N/A
 Sublimation of Blood     Necr           #######...   1%          2    N/A
 Corpse Rot               Necr           N/A          1%          2    N/A
 Stone Arrow              Conj/Erth      ######       0%          3    N/A
 Agony                    Necr           #######.     11%         5    N/A
 Spider Form              Tmut/Pois      ######....   1%          3    N/A
 Blade Hands              Tmut           ######....   9%          5    N/A
 Statue Form              Tmut/Erth      ########.    1%          6    N/A
 Ice Form                 Ice/Tmut       ######..     3%          4    N/A
 Dragon Form              Tmut           ######....   94%         7    N/A
 Throw Icicle             Conj/Ice       ######..     1%          4    N/A
 Shadow Creatures         Summ           N/A          52%         6    N/A
 Confusing Touch          Hex            ######       1%          1    N/A
 Ignite Poison            Fire/Tmut/Pois #######.     1%          3    N/A
 Sticks to Snakes         Tmut           ######..     1%          2    N/A
 Call Canine Familiar     Summ           ######..     1%          3    N/A
 Ensorcelled Hibernation  Hex/Ice        ######       1%          2    N/A
 Metabolic Englaciation   Hex/Ice        ######....   11%         5    N/A
 Summon Butterflies       Summ           ######..     1%          1    N/A
 Silence                  Hex/Air        ######....   11%         5    N/A
 Corona                   Hex            ######.      1%          1    N/A
 Simulacrum               Ice/Necr       #######...   52%         6    N/A
 Conjure Ball Lightning   Conj/Air       ######....   16%         6    N/A
 Excruciating Wounds      Chrm/Necr      #######...   11%         5    N/A
 Portal Projectile        Hex/Tloc       ######       1%          3    N/A
 Tornado                  Air            ######....   100%        9    N/A
 Leda's Liquefaction      Hex/Erth       ########..   1%          4    N/A
 Summon Hydra             Summ           ######....   98%         7    N/A
 Darkness                 Hex            ######....   52%         6    N/A
 Inner Flame              Hex/Fire       #######.     1%          3    N/A
 Beastly Appendage        Tmut           ######       1%          1    N/A
 Fulminant Prism          Conj/Hex       ######....   1%          4    N/A
 Summon Lightning Spire   Summ/Air       ######..     4%          4    N/A
 Spellforged Servitor     Conj/Summ      ######....   61%         7    N/A
 Summon Mana Viper        Hex/Summ       ######..     11%         5    N/A
 Hydra Form               Tmut           ######....   41%         6    N/A
 Gell's Gravitas          Tloc           ######....   1%          3    N/A
 Yara's Violent Unravell  Hex/Tmut       ######....   2%          5    N/A
 Ignition                 Fire           #######...   99%         8    N/A

Dungeon Overview and Level Annotations

Branches:
Dungeon (15/15)            Temple (1/1) D:7            Lair (6/6) D:8
 Shoals (4/4) Lair:2        Snake (4/4) Lair:2        Slime (0/5) Lair:6
    Orc (2/2) D:10            Elf (3/3) Orc:2        Vaults (3/5) D:13
  Crypt (3/3) Vaults:3       Tomb (3/3) Crypt:3      Depths (0/5) D:15

Altars:
Ashenzari
Cheibriados
Dithmenos
Elyvilon
Fedhas
Gozag
Hepliaklqana
Kikubaaqudgha
Makhleb
Nemelex Xobeh
Okawaru
Qazlal
Ru
Sif Muna
Trog
Uskayaw
Vehumet
Wu Jian
Xom
Yredelemnul
Zin
The Shining One
Beogh

Shops:
Orc:2 :?}*   Elf:1 [

Annotations:
D:15 Gorglomux's ghost, journeyman GrFi
Crypt:2 Mennas


Innate Abilities, Weirdness & Mutations

You do not eat or drink.
Your flesh is vulnerable to fire.
You are immune to poison.
Your flesh is cold resistant. (rC+)
You are immune to negative energy. (rN+++)
You are immune to unholy pain and torment.
You can survive without breathing.
You are in touch with the powers of death.


Message History

Vehumet accepts your kill.
The greater mummy is moderately damaged.
Ka-crash!
A lich comes into view.
You hear a hideous shriek! x4; You hear a shout!
A death scarab comes into view. x3
You block the bennu's attack. The bennu claws you but does no damage.
The bennu closely misses you.
A guardian mummy comes into view.
The bennu closely misses you. The bennu misses you. The bennu claws you!
A guardian mummy comes into view.
A mummy priest comes into view.
A mummy comes into view.
A death scarab comes into view.
A mummy comes into view.
The lich points at you and mumbles some strange words.
You are confused.
The death scarab moves out of view. x2
You're too confused to cast spells.
Unknown command.
A guardian mummy and 3 death scarabs come into view.
A death scarab comes into view. x2
The bennu pecks you! The bennu sears you!! The bennu closely misses you.
The bennu barely misses you.
A death scarab comes into view.
The bennu misses you. The bennu barely misses you. The bennu claws you!!
The mummy priest mumbles some strange prayers to its god against you.
Something smites you!
A death scarab comes into view.
The reaper hits you with an antimagic scythe!!
* * * LOW HITPOINT WARNING * * *
You feel your power leaking away.
A death scarab comes into view.
The shadow slips into darkness.
The shadow flickers and vanishes for a moment.
The shadow closely misses you.
The shadow slips into darkness.
The shadow flickers and vanishes for a moment.
The bennu misses you. The bennu completely misses you.
The bennu claws you but does no damage.
The death scarab moves out of view.
You hear a hideous shriek! x2
Found five items.
The death scarab bites you!
* * * LOW HITPOINT WARNING * * *
The death scarab bites you!
* * * LOW HITPOINT WARNING * * *
A death scarab comes into view.
The bennu closely misses you. The bennu claws you.
* * * LOW HITPOINT WARNING * * *
The bennu claws you!
* * * LOW HITPOINT WARNING * * *
The mummy priest mumbles some strange prayers to its god.
The greater mummy gestures wildly while chanting.
The reaper misses you.
The bennu barely misses you. x2; The bennu misses you.
There is a one-way staircase leading up here.
You see here a death scarab corpse.
The death scarab misses you. The death scarab bites you!!
* * * LOW HITPOINT WARNING * * *
The death scarab drains your vigour!
You feel as though you will be slow longer.
The death scarab avoids a huge, swinging blade.
The death scarab bites you but does no damage.
The bennu pecks you.
* * * LOW HITPOINT WARNING * * *
The bennu sears you!!
You die...

,,,,,#.........^....$)|[,**
,,,,,#......#......$$$}:,,**
,,,,.'..............$$)},,,**
,,,,M#.....)..z......$$[,,,,*
,,,,,#....).W..^$....$$$,,,,*
,,,,*#.....)M.........$$,,,,*
,,,,*#.[....#..W.W......,,,,*
,,,*#.....§..#WbW2.s....,,,,*
,<**..8[......#L@sV.....,,,**
,**,,........sss.s.W....,,,*
**,,,,,.....sssM##sM.V..,***
*,,,,,,.†.M..ssM.*.^...#**
*,,,,,,...M.MssM$*###.##*
,,,,,,,,.......†.,,,,...***
,,,,,,,,,.......,,,,,,..,,**
,,,,,,,,,.......,,,,,,,,,,,*
,,,,,,,,,,,,,,,,,,,,***,,,,**


You could see a greater mummy, a lich, a reaper, a bennu, 2 mummy priests, a
jiangshi, a phantasmal warrior, 3 guardian mummies, a vampire, a wraith, 14
death scarabs, 4 shadows, a flying skull and 2 mummies.

Vanquished Creatures
  An ancient lich (Tomb:2)
  28 greater mummies
  Sojobo (Crypt:2)
  Boris (twice) (Vaults:2 Crypt:3)
  Xtahua (Vaults:2)
  Margery (Vaults:3)
  Vashnia (Snake:2)
  Nikola (Vaults:2)
  A bone dragon (Crypt:3)
  A profane servitor (Crypt:3)
  A hellephant (Abyss:3)
  3 liches
  3 deep elf blademasters (Elf:3)
  A moon troll (WizLab)
  3 krakens
  7 tentacled starspawn
  The ghost of Inuluch the Phalangite, an adept MfBe of Trog (Shoals:3)
  Polyphemus (Shoals:4)
  5 sphinxes
  Gastronok (D:9)
  Agnes (Elf:1)
  Kirke (Elf:1)
  6 ancient champions
  A storm dragon (Vaults:2)
  12 nagarajas
  3 tengu reavers
  4 revenants
  9 vault wardens
  7 deep elf sorcerers
  2 orc warlords
  A cacodemon (WizLab)
  The ghost of Daviar the Martial Artist, a journeyman DsMo of Cheibriados (D:14)
  12 ghouls
  5 deep elf elementalists (Elf:3)
  The ghost of Tiakhlon the Imperceptible, an adept SpEn of Kikubaaqudgha (Shoals:3)
  8 ironheart preservers
  A curse skull (Crypt:2)
  6 very ugly things (WizLab)
  2 war gargoyles (WizLab)
  6 stone giants
  Nessos (Lair:4)
  12 bennus
  4 vampire knights
  5 deep elf demonologists (Elf:3)
  Azrael (Snake:1)
  A dire elephant (D:15)
  15 eidola
  9 deep elf annihilators
  2 crystal guardians (WizLab)
  2 blizzard demons (IceCv)
  4 deep elf death magi
  23 mummy priests
  7 merfolk javelineers
  3 quicksilver dragon zombies (Crypt:3)
  8 great orbs of eyes
  8 merfolk impalers
  12 jiangshi
  2 yaktaur captains (Vaults:2)
  9 deep elf high priests (Elf:3)
  An ice dragon (Vaults:3)
  5 hydras
  A quicksilver dragon skeleton (Tomb:1)
  6 vault guards
  2 rakshasas
  11 centaur warriors
  17 naga warriors
  4 alligator snapping turtles
  6 merfolk aquamancers
  A catoblepas (Shoals:4)
  4 merfolk avatars
  25 two-headed ogres
  8 anacondas
  33 dancing weapons
  6 death knights
  4 death yaks
  2 deep troll earth magi
  9 death scarabs
  2 satyrs
  A deep troll shaman (Vaults:3)
  2 titan zombies (Crypt:3)
  3 tengu warriors (D:15)
  7 ogre magi
  4 vampire magi
  An orc high priest (Orc:2)
  A hell hog (Abyss:3)
  10 shock serpents
  Urug (Lair:3)
  14 naga sharpshooters
  The ghost of biddum the Basher, a novice GrFi of Okawaru (D:7)
  Nergalle (Orc:1)
  A fire crab (Shoals:3)
  5 hell knights (Vaults:3)
  3 shadow wraiths
  20 skeletal warriors
  Sonja (D:11)
  4 salamander mystics
  15 deep elf knights
  7 deep trolls
  An orange crystal statue (WizLab)
  21 sea snakes
  3 unseen horrors
  4 large abominations
  3 glowing orange brains (WizLab)
  An unseen horror (shapeshifter) (Vaults:2)
  6 starcursed masses (WizLab)
  2 flayed ghosts
  5 naga ritualists
  8 ironbrand convokers
  The ghost of jjfam the Chopper, a novice DDFi of Makhleb (D:7)
  Pikel (D:9)
  A wizard (Vaults:2)
  22 phantasmal warriors
  13 deep elf archers
  21 orc knights
  12 mana vipers
  27 ugly things
  19 harpies
  5 orc sorcerers
  A necromancer (Vaults:2)
  The ghost of azzavlup the Destroyer, a novice GrFE of Vehumet (D:7)
  A shadow dragon skeleton (Tomb:1)
  4 oklob plants (Lair:2)
  A stone giant zombie (Crypt:3)
  2 wolf spiders
  68 deep elf magi
  9 fauns
  An iron dragon zombie (Crypt:3)
  A salamander (shapeshifter) (Vaults:3)
  9 cyclopes
  19 salamanders
  A dire elephant zombie (Crypt:3)
  3 elephants (Lair:4)
  7 water nymphs
  6 merfolk sirens
  11 guardian serpents
  21 manticores
  6 vault sentinels
  18 naga magi
  10 eyes of devastation (WizLab)
  A stone giant skeleton (Tomb:1)
  An ice statue (IceCv)
  28 black mambas
  A centaur zombie (D:15)
  A death yak zombie (Crypt:1)
  A shock serpent skeleton (Crypt:1)
  A storm dragon simulacrum (Tomb:1)
  4 gargoyles
  2 kobold demonologists
  A dire elephant skeleton (Tomb:1)
  9 spiny frogs
  5 rime drakes
  A black draconian zombie (Crypt:1)
  2 komodo dragons
  A white draconian zombie (Crypt:3)
  23 yaktaurs
  A redback zombie (D:15)
  6 ice devils (IceCv)
  19 freezing wraiths
  A sea snake zombie (Crypt:2)
  A golden dragon simulacrum (IceCv)
  35 guardian mummies
  A catoblepas skeleton (Tomb:3)
  2 anaconda simulacra (IceCv)
  30 merfolk
  11 trolls
  6 meliai
  An ancient zyme (Abyss:3)
  4 wind drakes
  7 polar bears
  A hydra zombie (Crypt:3)
  11 hornets
  Prince Ribbit (D:6)
  11 blink frogs
  A harpy skeleton (Crypt:1)
  A fire giant simulacrum (Tomb:1)
  3 raiju (Abyss:3)
  10 slime creatures
  5 dream sheep
  2 alligator zombies (Crypt:3)
  2 bog bodies (Crypt:2)
  A hippogriff (shapeshifter) (Vaults:1)
  14 hippogriffs
  14 snapping turtles
  28 flying skulls
  3 small abominations (Abyss:3)
  14 spriggans
  2 shadows
  12 water elementals
  3 wyverns
  2 centaur simulacra
  2 ynoxinuls
  10 wraiths
  A black mamba zombie (Crypt:3)
  An air elemental (Elf:1)
  3 fire bats (Shoals:3)
  7 redbacks (Elf:3)
  8 fire elementals
  A human (shapeshifter) (Vaults:2)
  5 hogs (Elf:1)
  A basilisk (Lair:3)
  27 yaks
  A human (D:10)
  25 ushabtiu
  12 golden eyes (WizLab)
  Eustachio (D:6)
  A death yak simulacrum (Lair:3)
  A chaos spawn (Abyss:3)
  8 vampire mosquitoes
  5 harpy simulacra (IceCv)
  3 neqoxecs
  Menkaure (D:5)
  4 wargs
  3 iron troll simulacra (IceCv)
  3 acid dragons
  A gelid demonspawn skeleton (Crypt:2)
  63 nagas
  An insubstantial wisp (Abyss:3)
  9 water moccasins
  5 hydra simulacra
  4 hell hounds (Snake:1)
  A two-headed ogre skeleton (Crypt:2)
  3 sky beasts
  4 porcupines
  Duvessa (D:6)
  2 black bears
  2 slaves (D:9)
  An eye of draining (D:15)
  2 hornet zombies
  25 necrophages
  50 orc warriors
  2 ice beasts
  A manticore zombie (Crypt:3)
  A snapping turtle zombie (Crypt:3)
  An ettin simulacrum (Vaults:1)
  4 phantoms
  A black mamba simulacrum (Lair:3)
  22 ogres
  8 boggarts
  23 wolves
  22 centaurs
  12 crocodiles
  16 bullfrogs
  4 big kobolds
  A gnoll sergeant (D:7)
  A spiny frog simulacrum (Lair:3)
  3 earth elementals (Elf:1)
  Dowan (D:6)
  9 wyvern skeletons
  4 scorpions
  An elephant simulacrum (IceCv)
  9 wights
  An electric eel (D:7)
  3 howler monkeys
  8 crimson imps
  5 hounds
  A bullfrog zombie (D:9)
  A human simulacrum (Vaults:3)
  A bullfrog skeleton (D:4)
  3 jellies
  A human zombie (Tomb:2)
  6 iguanas
  13 orc priests
  Crazy Yiuf (D:7)
  A black bear zombie (Crypt:2)
  4 centaur skeletons
  16 orc wizards
  2 polar bear simulacra (IceCv)
  10 worker ants
  3 troll simulacra (IceCv)
  A wolf simulacrum (IceCv)
  A yak simulacrum (Lair:3)
  An acid dragon skeleton (Crypt:2)
  An ogre skeleton (Crypt:1)
  A hound zombie (D:6)
  A hound skeleton (Crypt:2)
  41 mummies
  3 worker ant zombies
  15 adders
  12 gnolls
  2 crocodile simulacra (Lair:3)
  5 naga simulacra (IceCv)
  2 ogre simulacra (IceCv)
  3 shadow imps
  5 white imps (IceCv)
  3 ufetubi (IceCv)
  An ooze (D:1)
  6 worms
  A dart slug (D:2)
  5 leopard geckos
  82 orcs
  7 giant cockroaches
  6 goblins
  8 hobgoblins
  21 jackals
  6 quokkas
  5 ball pythons
  A ball python skeleton (Crypt:1)
  9 bats
  4 frilled lizards
  5 gnoll skeletons (Ossuary)
  3 gnoll zombies
  A goblin zombie (Ossuary)
  A hobgoblin skeleton (Crypt:2)
  2 hobgoblin zombies (Ossuary)
  A jackal skeleton (D:3)
  12 kobolds
  A kobold zombie (Ossuary)
  2 leopard gecko skeletons
  4 orc skeletons (Ossuary)
  3 orc zombies (Ossuary)
  7 rats
  A rat zombie (Ossuary)
  2 crawling corpses (Elf:3)
  3 fungi
  91 plants
  4 starspawn tentacles (WizLab)
  8 tentacles
  27 withered plants
2225 creatures vanquished.

Vanquished Creatures (others)
  The ghost of Foll the Nimble, a journeyman OpFi of Cheibriados (Lair:3)
  A skeletal warrior (Tomb:2)
  A frost giant skeleton (Tomb:2)
  3 flying skulls (Tomb:2)
  A naga (Snake:2)
  A slave (D:9)
  A centaur (D:9)
  5 mummies
  2 ufetubi (IceCv)
  3 gnoll zombies (Ossuary)
  5 goblin skeletons (Ossuary)
  3 goblin zombies (Ossuary)
  6 hobgoblin skeletons (Ossuary)
  2 hobgoblin zombies (Ossuary)
  3 kobold skeletons (Ossuary)
  2 kobold zombies (Ossuary)
  2 orc skeletons (Ossuary)
  3 orc zombies (Ossuary)
  2 rat zombies (Ossuary)
  6 demonic plants (WizLab)
  2 fungi
  3 plants
  8 starspawn tentacles
  6 tentacles
  15 withered plants
87 creatures vanquished.

Grand Total: 2312 creatures vanquished

Notes
Turn   | Place    | Note
-------+----------+-------------------------------------------
     0 | D:1      | Amnesiac the Mummy Earth Elementalist began the quest for the Orb.
     0 | D:1      | Reached XP level 1. HP: 13/13 MP: 4/4
   144 | D:2      | Reached XP level 2. HP: 19/19 MP: 2/5
   157 | D:2      | Learned a level 2 spell: Passwall
   508 | D:4      | Reached XP level 3. HP: 14/24 MP: 4/7
   513 | D:4      | Learned a level 3 spell: Stone Arrow
   610 | D:5      | Entered Level 5 of the Dungeon
   661 | D:4      | Reached XP level 4. HP: 30/30 MP: 9/9
   668 | D:4      | Learned a level 4 spell: Petrify
   799 | D:4      | Noticed an ice beast
   835 | D:4      | Killed an ice beast
   835 | D:4      | Reached XP level 5. HP: 29/35 MP: 0/11
  1173 | D:4      | Reached XP level 6. HP: 41/41 MP: 7/13
  1224 | D:4      | Reached skill level 5 in Earth Magic
  1318 | D:4      | Found a burning altar of Makhleb.
  1351 | D:4      | Reached skill level 5 in Spellcasting
  1828 | D:5      | Reached XP level 7. HP: 44/46 MP: 8/15
  1843 | D:5      | Learned a level 5 spell: Lee's Rapid Deconstruction
  1847 | D:5      | Noticed Menkaure
  1857 | D:5      | Killed Menkaure
  2715 | D:5      | Found a snail-covered altar of Cheibriados.
  2767 | D:6      | Noticed Duvessa
  2776 | D:6      | Killed Duvessa
  2783 | D:6      | Noticed Dowan
  2845 | D:6      | Killed Dowan
  2937 | D:6      | Reached XP level 8. HP: 51/52 MP: 18/18
  3014 | D:6      | Found a sand-covered staircase.
  3068 | D:6      | Noticed Eustachio
  3078 | D:6      | Noticed Prince Ribbit
  3100 | Ossuary  | Entered an ossuary
  3995 | D:6      | Killed Prince Ribbit
  4035 | D:6      | Killed Eustachio
  4457 | D:7      | Found a runed gate.
  4457 | D:7      | Found a runed gate.
  4457 | D:7      | Found a runed gate.
  4489 | D:7      | Noticed azzavlup's ghost (novice GrFE)
  4489 | D:7      | Noticed biddum's ghost (novice GrFi)
  4489 | D:7      | Noticed jjfam's ghost (novice DDFi)
  4655 | D:7      | Found a runed door.
  4786 | D:7      | Found a blossoming altar of Fedhas.
  5423 | D:7      | Found a staircase to the Ecumenical Temple.
  5427 | D:7      | Reached XP level 9. HP: 57/57 MP: 11/21
  5435 | Temple   | Entered the Ecumenical Temple
  5527 | Temple   | Became a worshipper of Vehumet
  6280 | D:1      | Reached * piety under Vehumet
  6280 | D:1      | Offered knowledge of Sting by Vehumet.
  6809 | D:3      | Reached skill level 1 in Shields
  7084 | D:3      | Found a basalt altar of Yredelemnul.
  7090 | D:3      | Found a glowing silver altar of Zin.
  7094 | D:3      | Found a snail-covered altar of Cheibriados.
  7105 | D:3      | Found an ornate altar of the Wu Jian Council.
  7125 | D:3      | Offered knowledge of Throw Frost by Vehumet.
  7160 | D:3      | Reached ** piety under Vehumet
  7216 | D:3      | Found a stormy altar of Qazlal.
  7217 | D:3      | Found an ancient bone altar of Kikubaaqudgha.
  7911 | D:7      | Noticed Crazy Yiuf
  7914 | D:7      | Killed Crazy Yiuf
  8132 | D:8      | Found a sparkling altar of Nemelex Xobeh.
  8333 | D:8      | Got a smoking short sword
  8346 | D:8      | Identified the +5 short sword of Kont {venom, MR+} (You found it on level 8 of the Dungeon)
  8432 | D:8      | Found a staircase to the Lair.
  8480 | D:9      | Noticed Gastronok
  8495 | D:9      | HP: 2/57 [Gastronok/the air (29)]
  8496 | D:9      | Killed Gastronok
  8496 | D:9      | Reached skill level 10 in Spellcasting
  8496 | D:9      | Reached skill level 10 in Earth Magic
  8496 | D:9      | Reached XP level 10. HP: 2/63 MP: 2/24
  8667 | D:9      | Noticed Pikel
  8680 | D:9      | Killed Pikel
  8809 | D:9      | Offered knowledge of Throw Flame by Vehumet.
  8930 | D:9      | Found a glowing golden altar of the Shining One.
  9115 | D:10     | Entered Level 10 of the Dungeon
  9282 | D:10     | Reached *** piety under Vehumet
  9310 | D:10     | Noticed a deep elf mage
  9323 | D:10     | Killed a deep elf mage
  9468 | D:10     | Found a staircase to the Orcish Mines.
  9475 | D:10     | Found a roughly hewn altar of Beogh.
  9766 | Orc:1    | Entered Level 1 of the Orcish Mines
  9766 | Orc:1    | Noticed an orc sorcerer
  9772 | D:10     | Killed an orc sorcerer
  9772 | D:10     | Offered knowledge of Ignite Poison by Vehumet.
  9794 | Orc:1    | Reached XP level 11. HP: 61/68 MP: 20/26
  9964 | Orc:2    | Entered Level 2 of the Orcish Mines
  9967 | Orc:2    | Noticed an orc sorcerer
  9980 | Orc:2    | Killed an orc sorcerer
  9981 | Orc:2    | Noticed an orc warlord
 10042 | Orc:1    | Noticed an orc sorcerer
 10056 | Orc:1    | Killed an orc sorcerer
 10056 | Orc:1    | Reached **** piety under Vehumet
 10086 | Orc:1    | Noticed Nergalle
 10174 | Orc:1    | Killed Nergalle
 10177 | Orc:1    | Offered knowledge of Venom Bolt by Vehumet.
 10399 | Orc:2    | Noticed an orc knight
 10966 | Orc:2    | Found a staircase to the Elven Halls.
 11441 | Orc:2    | Killed an orc knight
 11508 | Orc:2    | Noticed an orc sorcerer
 11534 | Orc:2    | Killed an orc sorcerer
 11587 | Orc:2    | Noticed an orc high priest
 11658 | Orc:1    | Killed an orc warlord
 11757 | Orc:2    | Killed an orc high priest
 12065 | Orc:2    | Reached ***** piety under Vehumet
 12065 | Orc:2    | Reached XP level 12. HP: 74/74 MP: 18/28
 12213 | Orc:2    | Offered knowledge of Iskenderun's Mystic Blast by Vehumet.
 13092 | Orc:2    | Found Lyocs's Magic Scroll Emporium.
 13092 | Orc:2    | Found Pigocs's Gadget Shop.
 13092 | Orc:2    | Found Votalusy's General Store.
 13095 | Orc:2    | Found Jugunkar's Book Shoppe.
 13310 | D:11     | Noticed a two-headed ogre
 13314 | D:11     | Killed a two-headed ogre
 13452 | D:11     | Noticed Sonja
 13453 | D:11     | Killed Sonja
 13585 | D:11     | Got a brightly glowing helmet
 13612 | D:11     | Identified the cursed -1 helmet of Zios {Int+3} (You found it on level 11 of the Dungeon)
 14713 | D:13     | Found a gate to the Vaults.
 14713 | D:13     | Noticed a vault guard
 14713 | D:13     | Noticed a vault guard
 14713 | D:13     | Noticed a vault guard
 14713 | D:13     | Noticed a two-headed ogre
 14713 | D:13     | Noticed a vault guard
 14718 | D:13     | Killed a vault guard
 14720 | D:13     | Killed a two-headed ogre
 14721 | D:13     | Killed a vault guard
 14730 | D:13     | Killed a vault guard
 14730 | D:13     | Gained mutation: You are in touch with the powers of death. [Mummy growth]
 14730 | D:13     | Reached XP level 13. HP: 79/79 MP: 6/31
 15107 | D:13     | Got a twisted hand crossbow
 15143 | D:13     | Identified the +6 hand crossbow "Ytupebbu" {freeze, rC+ Int+4} (You found it on level 13 of the Dungeon)
 15683 | D:14     | Reached skill level 15 in Earth Magic
 15685 | D:14     | Reached skill level 15 in Spellcasting
 16353 | D:14     | Reached ****** piety under Vehumet
 16353 | D:14     | Offered knowledge of Freezing Cloud by Vehumet.
 16709 | D:14     | Found a runed door.
 16895 | D:14     | Noticed Daviar's ghost (journeyman DsMo)
 16923 | D:14     | Killed Daviar's ghost
 17159 | D:15     | Entered Level 15 of the Dungeon
 17339 | D:15     | Reached XP level 14. HP: 80/85 MP: 13/33
 18185 | D:15     | Found a shadowy altar of Dithmenos.
 18349 | D:15     | Found a runed gate.
 18349 | D:15     | Noticed Gorglomux's ghost (journeyman GrFi)
 18363 | D:15     | Found a runed gate.
 18363 | D:15     | Found a runed gate.
 18501 | D:15     | Found a staircase to the Depths.
 18979 | D:15     | Got a crude broad axe
 18980 | D:15     | Identified the +7 broad axe "Odiycwepn" {chop, rPois Str+7} (You found it on level 15 of the Dungeon)
 19320 | D:7      | Killed azzavlup's ghost
 19322 | D:7      | Killed jjfam's ghost
 19323 | D:7      | Killed biddum's ghost
 19436 | Lair:1   | Entered Level 1 of the Lair of Beasts
 20219 | Lair:2   | Found an opulent altar of Gozag.
 20243 | Lair:2   | Found a staircase to the Shoals.
 20494 | Lair:2   | Found a staircase to the Snake Pit.
 20848 | Lair:3   | Noticed Urug
 20855 | Lair:3   | Killed Urug
 20946 | Lair:3   | Found a runed gate.
 20946 | Lair:3   | Found a runed gate.
 20946 | Lair:3   | Found a runed gate.
 20973 | Lair:3   | Offered knowledge of Fireball by Vehumet.
 20975 | Lair:3   | Noticed Foll's ghost (journeyman OpFi)
 20977 | Lair:3   | Killed Foll's ghost
 21017 | Lair:3   | Got the ring "Gubuw" {Fire}
 21027 | Lair:3   | Identified the ring "Gubuw" {Fire Str+4 Int+4 Dex+3} (You found it on level 3 of the Lair of Beasts)
 21107 | Lair:3   | Reached XP level 15. HP: 90/90 MP: 33/36
 21903 | Lair:4   | Noticed Nessos
 21906 | Lair:4   | Killed Nessos
 23015 | Lair:6   | Entered Level 6 of the Lair of Beasts
 23066 | Lair:6   | Found a glowing golden altar of the Shining One.
 23085 | Lair:6   | Got a polished leather armour
 23147 | Lair:6   | Offered knowledge of Iron Shot by Vehumet.
 23165 | Lair:6   | Learned a level 6 spell: Iron Shot
 23189 | Lair:6   | Identified the +1 leather armour of Resonance {Str+4} (You found it on level 6 of the Lair of Beasts)
 23205 | Lair:6   | Reached skill level 1 in Fighting
 23467 | Lair:6   | Found a staircase to the Slime Pits.
 23972 | Lair:6   | Identified Sif Muna's Reference Book on Attacks
 24097 | Lair:6   | Learned a level 5 spell: Irradiate
 24362 | Orc:2    | Bought a book of Dreams for 1200 gold pieces
 24369 | Orc:2    | Learned a level 6 spell: Deflect Missiles
 24375 | Orc:2    | Learned a level 5 spell: Borgnjor's Vile Clutch
 24433 | Elf:1    | Identified a paperback manual
 24433 | Elf:1    | Entered Level 1 of the Elven Halls
 24680 | Elf:1    | Found Bushred's Antique Armour Emporium.
 24746 | Elf:1    | Found a magical portal.
 24747 | Elf:1    | Noticed a deep elf sorcerer
 24759 | Elf:1    | Killed a deep elf sorcerer
 24762 | WizLab   | Entered Lehudib's Moon Base
 25314 | WizLab   | Noticed a tentacled starspawn
 25316 | WizLab   | Reached skill level 1 in Evocations
 25316 | WizLab   | Reached XP level 16. HP: 106/106 MP: 38/38
 25319 | WizLab   | Killed a tentacled starspawn
 25324 | WizLab   | Noticed a tentacled starspawn
 25327 | WizLab   | Killed a tentacled starspawn
 25418 | WizLab   | Noticed a tentacled starspawn
 25422 | WizLab   | Killed a tentacled starspawn
 25714 | WizLab   | Found a transporter.
 25743 | WizLab   | Offered knowledge of Ozocubu's Refrigeration by Vehumet.
 26532 | WizLab   | Noticed a tentacled starspawn
 26539 | WizLab   | Killed a tentacled starspawn
 26558 | WizLab   | Noticed a tentacled starspawn
 26564 | WizLab   | Killed a tentacled starspawn
 26903 | WizLab   | Noticed a moon troll
 26907 | WizLab   | Killed a moon troll
 26923 | WizLab   | Found a transporter.
 26930 | WizLab   | Got a vibrating glass ring
 26932 | WizLab   | Got a vibrating sapphire amulet
 26972 | WizLab   | Identified Lehudib's Volume of the Mountains and Conjuration
 27122 | Elf:1    | Noticed Kirke
 27124 | Elf:1    | Killed Kirke
 27428 | Elf:1    | Reached XP level 17. HP: 111/111 MP: 28/40
 27556 | Elf:1    | Noticed Agnes
 27559 | Elf:1    | Killed Agnes
 28252 | Elf:2    | Found a runed gate.
 28252 | Elf:2    | Found a runed gate.
 28252 | Elf:2    | Found a runed gate.
 28361 | Elf:2    | Identified the amulet "Pisol" {Spirit SInv} (You found it in a wizard's laboratory)
 28362 | Elf:2    | Identified the ring of Gujucsou {*Tele rElec rC+ MR- Str+6} (You found it in a wizard's laboratory)
 28908 | Elf:2    | Offered knowledge of Bolt of Cold by Vehumet.
 29490 | Elf:3    | Entered Level 3 of the Elven Halls
 29799 | Elf:3    | Noticed a deep elf blademaster
 29802 | Elf:3    | Killed a deep elf blademaster
 29816 | Elf:3    | Offered knowledge of Poison Arrow by Vehumet.
 29820 | Elf:3    | Reached XP level 18. HP: 118/118 MP: 23/42
 29911 | Elf:3    | Cast into level 2 of the Abyss (a deep elf demonologist)
 30085 | Abyss:3  | Noticed a hellephant
 30105 | Abyss:3  | Killed a hellephant
 30105 | Abyss:3  | Reached skill level 5 in Dodging
 30413 | Elf:3    | Escaped the Abyss
 30972 | Elf:3    | Got a warped morningstar {drain}
 30993 | Elf:3    | Got a dazzling plate armour
 31014 | Elf:3    | Identified the +8 morningstar of Moes {drain, Int+6 Dex+4 Stlth-} (You took it off a deep elf annihilator on level 3 of the Elven Halls)
 31032 | Elf:3    | Got a crystal quarterstaff
 31119 | Elf:3    | Got a pair of dazzling boots
 31130 | Elf:3    | Identified the cursed -3 pair of boots of Puffug {Str+10} (You found it on level 3 of the Elven Halls)
 31148 | Elf:3    | Identified the +1 plate armour of Plog {rN+ SInv} (You found it on level 3 of the Elven Halls)
 31427 | Elf:3    | Found a roughly hewn altar of Beogh.
 31919 | Snake:1  | Entered Level 1 of the Snake Pit
 32033 | Snake:1  | Offered knowledge of Fire Storm by Vehumet.
 32033 | Snake:1  | Offered knowledge of Glaciate by Vehumet.
 32033 | Snake:1  | Offered knowledge of Shatter by Vehumet.
 32051 | Snake:1  | Learned a level 9 spell: Shatter
 32156 | Snake:1  | Reached skill level 10 in Dodging
 32208 | Snake:1  | Noticed Azrael
 32212 | Snake:1  | Killed Azrael
 32217 | Snake:1  | Reached skill level 5 in Fighting
 32532 | Snake:2  | Learned a level 3 spell: Ozocubu's Armour
 32664 | Snake:2  | Found a frozen archway.
 32676 | IceCv    | Entered an ice cave
 32746 | IceCv    | Reached XP level 19. HP: 115/132 MP: 33/43
 33351 | IceCv    | Identified a +2 pair of boots of running (You found it in an ice cave)
 33358 | IceCv    | Got an encrusted hat
 33369 | IceCv    | Identified the +1 hat "Zastac" {rN+ rCorr Dex-3} (You found it in an ice cave)
 34504 | Snake:3  | Noticed Vashnia
 34515 | Snake:3  | HP: 1/140 [naga sharpshooter/bolt[Vashnia] (13)]
 34958 | Snake:2  | Killed Vashnia
 34958 | Snake:2  | Reached skill level 10 in Fighting
 35559 | Snake:3  | Got a jewelled chain mail
 35871 | Snake:4  | Entered Level 4 of the Snake Pit
 36403 | Snake:4  | Reached XP level 20. HP: 84/147 MP: 38/45
 36421 | Snake:4  | Got a serpentine rune of Zot
 36994 | Snake:4  | Identified the +0 chain mail of the Teacher {Int+4 Slay+5} (You found it on level 3 of the Snake Pit)
 37277 | Shoals:1 | Entered Level 1 of the Shoals
 37781 | Shoals:1 | Learned a level 2 spell: Blink
 39742 | Shoals:3 | Found a runed gate.
 39742 | Shoals:3 | Found a runed gate.
 39742 | Shoals:3 | Found a runed gate.
 39743 | Shoals:3 | Noticed Tiakhlon's ghost (adept SpEn)
 39743 | Shoals:3 | Noticed Inuluch's ghost (adept MfBe)
 39748 | Shoals:3 | Killed Tiakhlon's ghost
 40589 | Shoals:3 | Killed Inuluch's ghost
 41018 | Shoals:4 | Entered Level 4 of the Shoals
 41066 | Shoals:4 | Noticed Polyphemus
 41240 | Shoals:4 | Killed Polyphemus
 41544 | Shoals:4 | Reached XP level 21. HP: 133/153 MP: 12/47
 42243 | Shoals:4 | Got a dazzling hunting sling
 42244 | Shoals:4 | Identified the +8 hunting sling of Zin's Hope {velocity, rN+ Dex+2 Stlth+} (You found it on level 4 of the Shoals)
 42340 | Shoals:4 | Got a barnacled rune of Zot
 42471 | Shoals:4 | Identified Ixteymeb's Compendium of the Fiery Frostbite
 42845 | Vaults:1 | Entered Level 1 of the Vaults
 43832 | Vaults:2 | Noticed Boris
 43837 | Vaults:2 | Killed Boris
 43888 | Vaults:2 | Noticed Xtahua
 43894 | Vaults:2 | Killed Xtahua
 44524 | Vaults:2 | Noticed Nikola
 44528 | Vaults:2 | Killed Nikola
 44802 | Vaults:2 | Reached XP level 22. HP: 153/159 MP: 49/49
 45429 | Vaults:3 | Noticed Margery
 45432 | Vaults:3 | Killed Margery
 46303 | Vaults:3 | Got a dazzling shortbow
 46873 | Vaults:3 | Found a staircase to the Crypt.
 47121 | Crypt:1  | Entered Level 1 of the Crypt
 48421 | Crypt:2  | Noticed Sojobo
 48425 | Crypt:2  | Killed Sojobo
 48635 | Crypt:2  | Noticed Mennas
 49978 | Crypt:3  | Entered Level 3 of the Crypt
 50053 | Crypt:3  | Reached XP level 23. HP: 165/165 MP: 26/50
 50453 | Crypt:3  | Learned a level 8 spell: Lehudib's Crystal Spear
 51104 | Crypt:3  | Found a staircase to the Tomb.
 51110 | Crypt:3  | Identified Borgnjor's Collected Works on Darkness
 51391 | Crypt:3  | HP: 4/165 [phantasmal warrior (35)]
 51835 | Crypt:3  | Found a basalt altar of Yredelemnul.
 51973 | Crypt:3  | Identified the ring "Nataomm" {rN+ MR++ MP-9 Str+2 Dex+3} (You found it on level 3 of the Crypt)
 51974 | Crypt:3  | Identified the +8 shortbow "Livo" {velocity, rC+ Int+4} (You found it on level 3 of the Vaults)
 52324 | Crypt:3  | Noticed Boris
 52327 | Crypt:3  | Killed Boris
 52451 | Tomb:1   | Entered Level 1 of the Tomb of the Ancients
 52460 | Tomb:1   | Noticed a greater mummy
 52461 | Tomb:1   | Noticed a greater mummy
 52463 | Tomb:1   | Killed a greater mummy
 52464 | Tomb:1   | Killed a greater mummy
 52481 | Tomb:1   | Noticed a greater mummy
 52482 | Tomb:1   | Noticed a greater mummy
 52482 | Tomb:1   | Noticed a greater mummy
 52675 | Tomb:1   | Noticed a greater mummy
 52676 | Tomb:1   | Killed a greater mummy
 52677 | Tomb:1   | Killed a greater mummy
 52677 | Tomb:1   | Killed a greater mummy
 52677 | Tomb:1   | Noticed a greater mummy
 52678 | Tomb:1   | Killed a greater mummy
 52680 | Tomb:1   | Killed a greater mummy
 52680 | Tomb:1   | Noticed a greater mummy
 52681 | Tomb:1   | Noticed a greater mummy
 52683 | Tomb:1   | Killed a greater mummy
 52684 | Tomb:1   | Killed a greater mummy
 52688 | Tomb:1   | Noticed a greater mummy
 52923 | Tomb:1   | Killed a greater mummy
 52923 | Tomb:1   | Reached XP level 24. HP: 172/172 MP: 38/51
 52923 | Tomb:1   | Noticed a greater mummy
 52928 | Tomb:1   | Killed a greater mummy
 53804 | Tomb:1   | Noticed a greater mummy
 53811 | Tomb:1   | Killed a greater mummy
 53936 | Tomb:1   | Noticed a greater mummy
 53940 | Tomb:1   | Killed a greater mummy
 53947 | Tomb:1   | Noticed a greater mummy
 54115 | Tomb:1   | Killed a greater mummy
 54217 | Tomb:1   | Noticed a greater mummy
 54220 | Tomb:1   | Killed a greater mummy
 54473 | Tomb:1   | Noticed a greater mummy
 54476 | Tomb:1   | Noticed a greater mummy
 54476 | Tomb:1   | Noticed a greater mummy
 54477 | Tomb:1   | Killed a greater mummy
 54478 | Tomb:1   | Noticed a greater mummy
 54479 | Tomb:1   | Noticed a greater mummy
 54480 | Tomb:1   | Killed a greater mummy
 54480 | Tomb:1   | Killed a greater mummy
 54481 | Tomb:1   | Noticed a greater mummy
 54484 | Tomb:1   | Noticed a greater mummy
 54493 | Tomb:1   | Killed a greater mummy
 54493 | Tomb:1   | Noticed a greater mummy
 54619 | Tomb:1   | Killed a greater mummy
 54726 | Tomb:1   | Noticed a greater mummy
 54730 | Tomb:1   | Killed a greater mummy
 54731 | Tomb:1   | Noticed a greater mummy
 54734 | Tomb:1   | Killed a greater mummy
 54832 | Tomb:1   | Killed a greater mummy
 54853 | Tomb:1   | Killed a greater mummy
 55036 | Tomb:1   | Killed a greater mummy
 55542 | Tomb:2   | Noticed a greater mummy
 55543 | Tomb:2   | Noticed an ancient lich
 55544 | Tomb:2   | Noticed a greater mummy
 55544 | Tomb:2   | Noticed a greater mummy
 55545 | Tomb:2   | Killed an ancient lich
 55546 | Tomb:2   | Killed a greater mummy
 55546 | Tomb:2   | Killed a greater mummy
 55548 | Tomb:2   | Killed a greater mummy
 55548 | Tomb:2   | Reached XP level 25. HP: 177/177 MP: 34/52
 56814 | Tomb:3   | Entered Level 3 of the Tomb of the Ancients
 56829 | Tomb:3   | Noticed a greater mummy
 56830 | Tomb:3   | Found the +2 Maxwell's thermic engine {flame, freeze}
 56833 | Tomb:3   | Slain by a bennu

Vault maps used:
D:1:      minmay_arrival_jagged
D:2:      kennysheep_path_1, minmay_misc_feat_tower, corexii_corridor_pit
D:3:      grunt_temple_overflow_open, first_ration, minmay_snake_closets
D:4:      lemuel_crystal_altar
D:5:      chei_slow_surprise, uniq_menkaure
D:6:      enter_ossuary_5, uniq_duvessa, uniq_prince_ribbit1, uniq_eustachio
D:7:      nicolae_overflow_crystal_walls, minmay_temple_entry_fiery,
          gammafunk_ghost_cemetery, serial_glass, glass_columns_b,
          glass_columns_b, water_maze_lemuel, uniq_crazy_yiuf_cottage
D:8:      nemelex_altar_shiori, lair_entry_dummy
D:9:      basic_altar, uniq_pikel, uniq_gastronok
D:10:     minmay_orc_entry_temple_small, hangedman_stone_soup
D:11:     billiards_dpeg, uniq_sonja
D:13:     lightli_vaults_fourway_checkpoint
D:14:     ebering_ghost_inner_flame
D:15:     hangedman_depths_entry_try_elsewhere_first, grunt_dithmenos_smoke,
          gammafunk_ghost_hydra_chop
Temple:   dshaligram_water_room_temple
Lair:2:   elwin_shoals_entry_rocks, minmay_snake_entry_guardpost_small,
          basic_altar, minmay_lair_oklob_chamber, grunt_megastairs_1
Lair:3:   gammafunk_ghost_icy, serial_bayou_shore_b, serial_bayou_shore_b,
          uniq_urug
Lair:4:   minivault_11, roderic_carrion_pond, uniq_nessos
Lair:6:   minmay_lair_end_enchanted_forest, slime_dummy, basic_altar
Shoals:1: cheibrodos_shoals_oceanic_diplomacy
Shoals:2: nicolae_shoals_kraken_intersection
Shoals:3: gammafunk_ghost_cemetery, hangedman_shoal_volcano
Shoals:4: shoals_end_simple, uniq_polyphemus
Snake:1:  uniq_azrael
Snake:2:  portal_ice_cave_entry_pillars_three, serial_bayou_crossing,
          lemuel_fruit_tree, grunt_megastairs_4
Snake:3:  uniq_vashnia
Snake:4:  grunt_snake_rune_pools
Orc:1:    uniq_nergalle
Orc:2:    st_orc_rangers
Elf:1:    mu_enter_wizlab_1, serial_shops, nicolae_shop_crystal,
          hangedman_elven_crosses_minicolossus, corexii_checkpoint_b,
          corexii_hall_statues_x, corexii_checkpoint_a, grunt_ministairs_7,
          uniq_kirke, uniq_agnes
Elf:3:    minmay_elf_hall_not_hex, special_room, spider_trap
Vaults:1: nicolae_vaults_specimen_jars, ontoclasm_vaults_bender,
          vaults_mumra_minichess_inversion, ontoclasm_vaults_ring_square,
          vaults_room_corners, v_rooms_4, vaults_room_glass_cross,
          vaults_dpeg_encased_lava, hangedman_vaults_capsules,
          nicolae_vaults_yaktaur_gun_rack
Vaults:2: nicolae_vaults_network_barrier, st_squares, v_misc_11,
          hangedman_vaults_trim, nicolae_vaults_what_the_h,
          ontoclasm_vaults_tryst, ontoclasm_vaults_chip, v_misc_11,
          nicolae_vaults_ring_of_whatevers, ontoclasm_vaults_decontamination,
          hangedman_vaults_corner_blocks, nicolae_vaults_circle_grid_b,
          uniq_nikola, uniq_xtahua, uniq_boris
Vaults:3: st_hourglassy, minmay_crypt_entry_simple_sparse,
          ontoclasm_vaults_ring_large, grunt_vaults_focal, vaults_dpeg_ring,
          nicolae_vaults_angled_halls, nicolae_vaults_three_branches,
          nicolae_vaults_little_squares_4, v_misc_29, v_misc_19,
          grunt_vaults_hallway_short, vaults_dpeg_hooks, uniq_margery
Crypt:2:  st_stairs_9, minivault_24, uniq_sojobo, uniq_mennas
Crypt:3:  evilmike_haunted_forest, uniq_boris
Abyss:3:  serial_sigils_hangedman_shear
Ossuary:  ossuary_due_pyramid
IceCv:    ice_cave_caverns_03
WizLab:   wizlab_lehudib

Skill      XL: |  1  2  3  4  5  6  7  8  9 10 11 12 13 14 15 16 17 18 19 20 21 22 23 24 |
---------------+-------------------------------------------------------------------------+-----
Earth Magic    | 3 4 5 6 8 10 11 13 14 15 17 18 19 20 21 22 23 24 25 | 25.9
Spellcasting   | 3 4 5 6 8 10 11 12 14 15 17 18 19 20 21 22 23 24 25 | 25.9
Shields        | 3 4 |  4.0
Dodging        | 3 4 10 11 12 13 14 | 14.8
Fighting       | 4 7 10 | 10.0
Stealth        | 2 4 |  4.0
Evocations     | 1 4 |  4.0
Transmutations | |  0.7

Action                   |  1- 3 |  4- 6 |  7- 9 | 10-12 | 13-15 | 16-18 | 19-21 | 22-24 | 25-27 || total
-------------------------+-------+-------+-------+-------+-------+-------+-------+-------+-------++-------
Melee: Unarmed           |    16 |     3 |       |       |       |       |       |       |       ||    19
       Falchion          |       |    13 |   132 |    34 |    55 |       |       |       |       ||   234
       Morningstar       |       |       |       |       |       |    24 |    39 |    45 |     1 ||   109
 Fire: Blowgun           |     4 |     8 |    11 |       |       |       |       |       |       ||    23
Throw: Stone             |       |       |    59 |       |     1 |       |       |       |       ||    60
 Cast: Sandblast         |    25 |    59 |       |    17 |     5 |       |       |       |       ||   106
       Stone Arrow       |       |     7 |   224 |   104 |    51 |       |       |       |       ||   386
       Lee's Rapid Decon |       |       |       |   190 |   372 |   319 |    24 |    47 |     3 ||   955
       Petrify           |       |       |       |    33 |    27 |       |       |       |       ||    60
       Passwall          |       |       |       |     5 |     9 |     2 |       |       |       ||    16
       Iron Shot         |       |       |       |       |    64 |    87 |    87 |   182 |     6 ||   426
       Borgnjor's Vile C |       |       |       |       |     2 |     4 |       |     5 |     2 ||    13
       Shatter           |       |       |       |       |       |    18 |   280 |   220 |    27 ||   545
       Blink             |       |       |       |       |       |       |     1 |     4 |       ||     5
       Deflect Missiles  |       |       |       |       |       |       |       |     1 |       ||     1
       Irradiate         |       |       |       |       |       |       |       |     2 |       ||     2
Evoke: Wand              |       |       |     5 |     8 |     1 |       |     1 |    20 |     4 ||    39
       Lamp of fire      |       |       |       |       |     1 |       |       |     1 |       ||     2
       Sack of spiders   |       |       |       |       |       |       |       |     1 |     4 ||     5
       Phial of floods   |       |       |       |       |       |       |       |     1 |     1 ||     2
       Lightning rod     |       |       |       |       |       |       |       |       |     4 ||     4
  Use: Scroll            |       |     2 |    10 |     4 |     7 |     8 |    10 |    16 |     8 ||    65
 Stab: Distracted        |       |       |       |       |       |       |     1 |       |       ||     1
Armor: Robe              |    14 |    18 |   122 |    43 |    35 |    11 |    54 |    25 |    13 ||   335
Dodge: Dodged            |    19 |    30 |   170 |    73 |    41 |    37 |   172 |   170 |    69 ||   781
Block: Buckler           |       |       |       |    38 |    29 |    16 |    87 |    82 |    18 ||   270
       Rpst.: Falchion   |       |     3 |    47 |    14 |    12 |       |       |       |       ||    76

Table legend:
 A = Spawn XP
 B = Non-spawn XP
 C = Spawn XP percentage of total XP
 D = Spawn monster count
 E = Non-spawn monster count
 F = Spawn count percentage of total count
 G = Total turns spent on level
                    A         B        C        D         E        F      G
               +---------+---------+-------+---------+---------+-------+---------
         Total |    8559 | 1186303 |   0.7 |      17 |    2071 |   0.8 | 56833
               +---------+---------+-------+---------+---------+-------+---------
           D:1 |       0 |      42 |   0.0 |       0 |      23 |   0.0 |   609
           D:2 |       0 |      65 |   0.0 |       0 |      23 |   0.0 |   734
           D:3 |       0 |     266 |   0.0 |       0 |      44 |   0.0 |  1050
           D:4 |       0 |     586 |   0.0 |       0 |      29 |   0.0 |  1115
           D:5 |       0 |     570 |   0.0 |       0 |      13 |   0.0 |  1234
           D:6 |       0 |    1017 |   0.0 |       0 |      14 |   0.0 |   861
           D:7 |       0 |    2795 |   0.0 |       0 |      25 |   0.0 |  1704
           D:8 |       0 |     909 |   0.0 |       0 |      18 |   0.0 |   629
           D:9 |       0 |    3941 |   0.0 |       0 |      22 |   0.0 |   710
          D:10 |       0 |    2791 |   0.0 |       0 |      28 |   0.0 |   761
          D:11 |       0 |    5746 |   0.0 |       0 |      31 |   0.0 |   821
          D:12 |       0 |    1217 |   0.0 |       0 |       7 |   0.0 |   689
          D:13 |       0 |   10343 |   0.0 |       0 |      40 |   0.0 |  1305
          D:14 |       0 |   17132 |   0.0 |       0 |      55 |   0.0 |  1239
          D:15 |       0 |   26207 |   0.0 |       0 |      57 |   0.0 |  1939
        Lair:1 |       0 |    3132 |   0.0 |       0 |      11 |   0.0 |   910
        Lair:2 |       0 |    5321 |   0.0 |       0 |      25 |   0.0 |  1174
        Lair:3 |       0 |    5620 |   0.0 |       0 |      21 |   0.0 |   685
        Lair:4 |       0 |    9959 |   0.0 |       0 |      36 |   0.0 |   858
        Lair:5 |       0 |    3157 |   0.0 |       0 |      13 |   0.0 |   685
        Lair:6 |       0 |   16534 |   0.0 |       0 |      64 |   0.0 |  1106
      Shoals:1 |       0 |   20882 |   0.0 |       0 |      43 |   0.0 |  1048
      Shoals:2 |       0 |   12869 |   0.0 |       0 |      23 |   0.0 |  1374
      Shoals:3 |       0 |   31598 |   0.0 |       0 |      54 |   0.0 |  1553
      Shoals:4 |       0 |   43369 |   0.0 |       0 |      62 |   0.0 |   975
       Snake:1 |       0 |   13383 |   0.0 |       0 |      36 |   0.0 |  1180
       Snake:2 |       0 |   25450 |   0.0 |       0 |      40 |   0.0 |  1338
       Snake:3 |       0 |   30121 |   0.0 |       0 |      55 |   0.0 |   853
       Snake:4 |       0 |   67274 |   0.0 |       0 |     100 |   0.0 |  1006
         Orc:1 |       0 |    5783 |   0.0 |       0 |      31 |   0.0 |  1975
         Orc:2 |       0 |   10073 |   0.0 |       0 |      67 |   0.0 |  1635
         Elf:1 |       0 |   40026 |   0.0 |       0 |      60 |   0.0 |  1535
         Elf:2 |       0 |   31833 |   0.0 |       0 |      47 |   0.0 |  1269
         Elf:3 |       0 |   77487 |   0.0 |       0 |      86 |   0.0 |  1757
      Vaults:1 |       0 |   58798 |   0.0 |       0 |      87 |   0.0 |  1198
      Vaults:2 |       0 |   52294 |   0.0 |       0 |      67 |   0.0 |  1382
      Vaults:3 |       0 |   58121 |   0.0 |       0 |      76 |   0.0 |  2047
       Crypt:1 |       0 |   23418 |   0.0 |       0 |      39 |   0.0 |   823
       Crypt:2 |       0 |   44993 |   0.0 |       0 |      43 |   0.0 |  1683
       Crypt:3 |       0 |   76446 |   0.0 |       0 |     103 |   0.0 |  3612
        Tomb:1 |       0 |  204994 |   0.0 |       0 |     109 |   0.0 |  2351
        Tomb:2 |       0 |   54197 |   0.0 |       0 |      60 |   0.0 |   873
        Tomb:3 |       0 |   20463 |   0.0 |       0 |      48 |   0.0 |    19
       Abyss:2 |     217 |       0 | 100.0 |       1 |       0 | 100.0 |    89
       Abyss:3 |    8342 |    5552 |  60.0 |      16 |       8 |  66.7 |   413
       Ossuary |       0 |      24 |   0.0 |       0 |      18 |   0.0 |   721
         IceCv |       0 |    8811 |   0.0 |       0 |      51 |   0.0 |   934
        WizLab |       0 |   50694 |   0.0 |       0 |      59 |   0.0 |  2263
               +---------+---------+-------+---------+---------+-------+---------
